[Event "Chhattisgarh Masters GM 2022"]
[Site "Chhattisgarh"]
[Date "2022.09.19"]
[Round "1.1"]
[White "Pantsulaia, Levan"]
[Black "Aaditya Dhingra"]
[Result "1-0"]
[ECO "A07"]
[WhiteElo "2596"]
[BlackElo "2178"]
[Annotator "TA"]
[PlyCount "91"]
[EventDate "2022.09.19"]
[EventCountry "IND"]
[SourceTitle "playchess.com"]
[Source "ChessBase"]
[SourceQuality "1"]
[TimeControl "5400+30"]

1. Nf3 d5 2. g3 c6 3. Bg2 Bg4 4. h3 Bh5 5. O-O Nf6 6. d3 Nbd7 7. Nbd2 e5 8. e4 Bd6 9. exd5 cxd5 10. c4 {[%emt 0:00:05] A07: Réti Opening: New York and Capablanca Systems.} O-O 11. cxd5 $1 Nb6 {[%emt 0:03:10] [#]} 12. g4 $146 (12. Qb3 $14) ({Predecessor:} 12. Qb3 Nfxd5 13. Nc4 Re8 14. Re1 Nxc4 15. dxc4 Nb6 16. Be3 e4 17. Nd2 Bg6 18. Red1 Qc8 19. c5 Bxc5 20. Rac1 Re5 21. Bd4 {1-0 (21) Limbert,N (2098)-Sooley,H (1957) ICCF email 2010}) 12... Bg6 $11 13. Nc4 Qc7 14. Nxb6 Qxb6 15. Nh4 Bc5 16. Nxg6 fxg6 17. Qb3 Rad8 18. Bg5 h6 19. Bh4 Bd4 20. d6+ Qxb3 21. axb3 Rxd6 (21... g5 $5 22. Bg3 Rxd6 $11) 22. Bxb7 g5 23. Bg3 h5 24. Bf3 h4 25. Bh2 {[%emt 0:00:08] [#]} Nh5 $1 26. Kg2 Nf4+ 27. Bxf4 gxf4 28. Be4 Rb8 29. Ra5 Kf8 30. Rd5 (30. g5 $11) 30... Rxd5 (30... Ke7 $1 $15) 31. Bxd5 $15 {[%emt 0:00:06][%mdl 4096] Endgame KRB-KRB} Rc8 32. Bc4 Bxb2 33. g5 $1 Ke7 34. Kf3 g6 35. Kg4 Rh8 36. Bd5 (36. f3 $142) 36... Bd4 ({Better is} 36... Rc8) 37. Be4 $16 Kf7 $2 {[%emt 0:00:36] Black cannot hold the game after this.} (37... a5 $16 {was worth a try.}) 38. Rc1 $18 Bxf2 39. Rc7+ Ke6 40. Bxg6 {[%emt 0:01:29] aiming for Bf5+.} Rf8 {[%emt 0:00:18] [#] Inhibits Bf5+.} (40... Kd6) 41. Bf5+ $1 {[%emt 0:01:37][%mdl 512] White is clearly winning.} Rxf5 (41... Kd6 42. Rd7+) 42. Rc6+ Kd7 43. Kxf5 {[%emt 0:00:00] Intending Rf6 and mate.} ({Not} 43. Rc2 Rf7 44. Rxf2 Ke6 $11) 43... Kxc6 44. g6 {[%emt 0:00:00] Black must now prevent g7.} Bc5 45. g7 f3 46. g8=Q {[%emt 0:00:00] Weighted Error Value: White=0.12 (very precise) /Black=0.37} 1-0

[Event "Chhattisgarh Masters GM 2022"]
[Site "Chhattisgarh"]
[Date "2022.09.19"]
[Round "1.1"]
[White "Mohammad Nubairshah Shaikh"]
[Black "Vinod Kumar Sharma"]
[Result "1-0"]
[ECO "D22"]
[WhiteElo "2461"]
[BlackElo "2143"]
[Annotator "TA"]
[PlyCount "127"]
[EventDate "2022.09.19"]
[EventCountry "IND"]
[SourceTitle "playchess.com"]
[Source "ChessBase"]
[SourceQuality "1"]
[TimeControl "5400+30"]

1. d4 d5 2. Nf3 Nf6 3. c4 dxc4 4. e3 Bg4 5. Bxc4 e6 6. h3 Bh5 7. Nc3 Nbd7 8. O-O a6 {[%emt 0:00:49] CPLX 2.4 39 (Bf8-d6) (=39) 8...Be7 gains popularity.} 9. Be2 {[%emt 0:15:39] CPLX 2.4 24 (e3-e4) (=24). D22: Queen's Gambit Accepted: 3 Nf3 a6 4 e3.} (9. e4 {feels hotter.} c5 10. d5 Ne5 11. g4) 9... Bd6 {[%emt 0:06:13] CPLX 2.3 16 (c7-c6) (=28)} 10. e4 {[%emt 0:03:46] CPLX 2.4} Bxf3 {[%emt 0:07:32] EASY} 11. Bxf3 {[%emt 0:00:05] RECAPT 8 (g2xf3) (=11). White is slightly better.} e5 {[%emt 0:00:07] CPLX 2.6} 12. Be3 {[%emt 0:05:17] CPLX 2.1 40 (d4-d5) (=18)} O-O {[%emt 0:01:30] [#] CPLX 2.1 24 (e5xd4) (=16)} 13. Qb3 $146 {[%emt 0:03:17] CPLX 2.2 35 (d4-d5) (=21)} ({Predecessor:} 13. g3 Qe7 14. Bg2 h6 15. Qc2 c6 16. Rad1 Rfd8 17. Rfe1 exd4 18. Bxd4 Bc5 19. f4 {½-½ (35) Guttenthaler,F (2228)-Huch,R (2225) Bayern 2015}) 13... Qe7 {[%emt 0:02:54] CPLX 2.7 34 (e5xd4) (=19)} 14. Rad1 {[%emt 0:20:35] CPLX 2.7 14 (d4-d5) (=20)} Rab8 {[%emt 0:08:12] CPLX 2.7} 15. g3 {[%emt 0:04:02] CPLX 2.6 23 (d4-d5) (=21)} Rfe8 {[%emt 0:08:30] CPLX 2.6 33 (e5xd4) (=18)} 16. Bg2 {[%emt 0:03:19] BESTDEEP} exd4 {[%emt 0:01:33] CPLX 2.6} 17. Bxd4 {[%emt 0:00:59] RECAPT} Nc5 {[%emt 0:02:34] CPLX 2.9} 18. Qc2 {[%emt 0:10:12][%cal Oe4e5] [#] Threatens to win with e5! BESTDEEP} Ne6 {[%emt 0:10:34] BESTDEEP} 19. Be3 {[%emt 0:02:33] CPLX 2.6} Rbd8 {[%emt 0:01:04] CPLX 2.2 20 (Re8-d8) (=14)} 20. Rfe1 {[%emt 0:06:45] RELBLUND 66 (f2-f4) (=18)} (20. f4 $16) 20... c6 $11 {[%emt 0:04:37] BESTDEEP} 21. a3 {[%emt 0:08:33] CPLX 2.4} Bc5 {[%emt 0:05:10] CPLX 2.4 28 (h7-h5) (=14)} 22. e5 {[%emt 0:00:06] CPLX 2.9} Nd7 {[%emt 0:01:30] CPLX 3.3} 23. Bxc5 {[%emt 0:03:09] BESTDEEP} Ndxc5 {[%emt 0:01:23] RELBLUND 73 (Qe7xc5) (=17)} (23... Qxc5 $11 24. b4 Qb6) 24. b4 $16 {[%emt 0:00:13] CPLX 2.7} Nd7 {[%emt 0:01:10] CPLX 2.9} 25. f4 {[%emt 0:00:22] Black must now prevent Ne4. White has more active pieces. CPLX 2.5} a5 {[%emt 0:02:08] CPLX 2.6 24 (Nd7-b6) (=16)} 26. Qb3 {[%emt 0:06:36] CPLX 2.9 43 (Qc2-f2) (=14)} (26. bxa5 Qxa3 27. Ne4 Qxa5 $14) 26... axb4 {[%emt 0:01:06] CPLX 2.6} 27. axb4 {[%emt 0:00:02] aiming for Ne4. RECAPT} Nb6 {[%emt 0:00:40] CPLX 2.4 5 (Nd7-f8) (=15)} 28. Ne4 {[%emt 0:02:58] BESTDEEP} Nd4 {[%emt 0:03:11] CPLX 2.8} 29. Qa2 {[%emt 0:02:14] And now Qf2 would win. CPLX 3.5 24 (Qb3-b1) (=13)} Nb5 {[%emt 0:01:33] BESTDEEP} 30. Qf2 {[%emt 0:01:10] CPLX 3.3 8 (Bg2-f1) (=13)} Nd5 {[%emt 0:00:58] CPLX 2.9} 31. Qc5 {[%emt 0:00:02] CPLX 2.6} Kf8 {[%emt 0:05:48] BESTDEEP} (31... Qf8 {seems wilder.} 32. Qxf8+ Kxf8 33. Bf1 Nxb4 34. Bxb5 cxb5 35. Nd6 Re6) 32. Bf1 {[%emt 0:00:52] CPLX 3.5 2 (Qc5xe7) (=12)} Nxb4 {[%emt 0:03:10] RELBLUND 145 (Qe7xc5) (=18)} (32... Qxc5+ $11 {and Black is okay.} 33. bxc5 (33. Nxc5 Nbc3 $11) 33... Nbc3) 33. Bxb5 $2 {[%emt 0:00:03] CPLX 3.8 170 (Ne4-d6) (=18)} ({White must play} 33. Nd6 $18 Na6 34. Qc2) 33... Qxc5+ $11 {[%emt 0:00:59] CPLX 4.1} 34. Nxc5 {[%emt 0:00:02] RECAPT} cxb5 {[%emt 0:00:26] CPLX 2.7} 35. Nxb7 {[%emt 0:00:15] BESTDEEP} Rxd1 {[%emt 0:00:47] CPLX 2.2} 36. Rxd1 {[%emt 0:00:01][%mdl 4096] Endgame KRN-KRN. RECAPT} Rb8 {[%emt 0:00:18] BESTDEEP} 37. Nc5 {[%emt 0:02:29] Nd7+ is the strong threat. CPLX 2.0 0 (Rd1-d7) (=16)} Ke8 {[%emt 0:02:10] BESTDEEP} 38. Kf2 {[%emt 0:01:18] CPLX 2.0 0 (Kg1-g2) (=15)} Na2 {[%emt 0:02:31] BESTDEEP} 39. Rb1 {[%emt 0:00:53] CPLX 2.0 0 (Rd1-d2) (=15)} Nc3 {[%emt 0:00:16] CPLX 2.0} 40. Rb3 {[%emt 0:00:21] BESTDEEP} Nd5 {[%emt 0:13:26] MISS-b5-b4 9 (b5-b4) (=14)} 41. Rd3 {[%emt 0:00:00] CPLX 2.0 5 (Kf2-e2) (=14)} Nc7 {[%emt 0:00:00] CPLX 2.0 4 (Nd5-e7) (=13)} 42. Ke3 {[%emt 0:00:00] CPLX 2.0} Rd8 {[%emt 0:00:00] CPLX 2.0} 43. Rxd8+ {[%emt 0:00:00] CPLX 2.0 8 (g3-g4) (=13)} Kxd8 {[%emt 0:00:00] KN-KN. RECAPT} 44. Kd4 {[%emt 0:00:00] CPLX 2.0 0 (Ke3-e4) (=13)} Ke7 {[%emt 0:00:00] CPLX 2.0 0 (g7-g6) (=12)} 45. f5 {[%emt 0:00:00] CPLX 2.0 0 (Nc5-e4) (=13)} f6 {[%emt 0:00:00] CPLX 2.0} 46. e6 {[%emt 0:00:00] CPLX 2.0 0 (g3-g4) (=12)} g6 {[%emt 0:00:00] CPLX 2.1} 47. g4 {[%emt 0:00:00] CPLX 2.3} gxf5 {[%emt 0:00:00] CPLX 2.2} 48. gxf5 {[%emt 0:00:00] RECAPT} Ne8 {[%emt 0:00:00] Strongly threatening ...Nd6. BESTDEEP} 49. Ne4 {[%emt 0:00:00] CPLX 2.0} Ng7 {[%emt 0:00:00] CPLX 2.1} 50. Ng3 {[%emt 0:00:00] EASY} Kd6 {[%emt 0:00:00] DEEPSTRONG} 51. h4 {[%emt 0:00:00][%cal Bh3h4,Bh4h5,Bh5h6][%mdl 32] MISS-Ng3-e4 0 (Ng3-e4) (=11)} b4 {[%emt 0:00:00] CPLX 2.2} 52. Ne4+ {[%emt 0:04:32] CPLX 2.2 0 (h4-h5) (=11)} Ke7 {[%emt 0:00:00] EASY} 53. Ng3 {[%emt 0:00:02] EASY} Kd6 {[%emt 0:00:00] BESTDEEP} 54. h5 {[%emt 0:02:33] CPLX 2.2 0 (Ng3-e4) (=10)} b3 {[%emt 0:00:00][%cal Og7f5] Hoping for ...Nxf5+! CPLX 2.3} 55. Kc3 {[%emt 0:00:41] EASY} Ke5 {[%emt 0:00:00] BESTDEEP} 56. h6 {[%emt 0:00:33] MISS-Kc3xb3 0 (Kc3xb3) (=10)} Ne8 {[%emt 0:00:00] MISS-Ng7xf5 8 (Ng7xf5) (=9)} 57. e7 {[%emt 0:00:06] MISS-Kc3xb3 16 (Kc3xb3) (=10)} Kf4 {[%emt 0:00:00] MISS-Ke5-d6 16 (Ke5-d6) (=10)} 58. Nh5+ {[%emt 0:00:02] CPLX 3.2} ({Wrong is} 58. Kxb3 $2 Kxg3 59. Kc4 Kf4 $19) 58... Kg5 $2 {[%emt 0:00:00][%mdl 8192] MISSDEEP-Kf4xf5 400 (Kf4xf5) (=17)} (58... Kxf5 $11 59. Ng7+ (59. Kxb3 $2 Ke6 $19) 59... Kg6) 59. Ng7 {[%emt 0:00:01] EASY. White mates.} Nd6 {[%emt 0:00:00] RELBLUND 1 (b3-b2) (=17)} 60. Kxb3 {[%emt 0:01:23] CPLX 3.3} Kxh6 {[%emt 0:00:00] [#] RELBLUND} 61. Ne6 $1 {[%emt 0:00:45] DEEPSTRONG} Kh5 {[%emt 0:00:00] RELBLUND 0 (Nd6-e8) (=16)} 62. Kb4 {[%emt 0:00:24] CPLX 2.5} Ne8 {[%emt 0:00:00] RELBLUND 0 (Kh5-g4) (=16)} 63. Kc5 {[%emt 0:00:40] CPLX 2.5} Kg4 {[%emt 0:00:00] RELBLUND} 64. Kc6 {[%emt 0:00:01] Weighted Error Value: White=0.12 (very precise) /Black=0.17 (very precise)} 1-0

[Event "Chhattisgarh Masters GM 2022"]
[Site "Chhattisgarh"]
[Date "2022.09.19"]
[Round "1.1"]
[White "Gusain, Himal"]
[Black "Vignesh B"]
[Result "1-0"]
[ECO "B09"]
[WhiteElo "2359"]
[BlackElo "2083"]
[Annotator "TA"]
[PlyCount "83"]
[EventDate "2022.09.19"]
[EventCountry "IND"]
[SourceTitle "playchess.com"]
[Source "ChessBase"]
[SourceQuality "1"]
[TimeControl "5400+30"]

1. e4 g6 2. d4 Bg7 3. Nc3 d6 4. f4 Nf6 5. Nf3 c5 6. dxc5 Qa5 7. Bd3 Qxc5 8. Qe2 Nc6 9. Be3 Qa5 10. O-O {[%emt 0:00:17] CPLX 2.4 28 (Be3-d2) (=28)} Ng4 {[%emt 0:03:00] CPLX 2.3 33 (Bc8-g4) (=33). B09: Pirc Defence: Austrian Attack.} 11. Bd2 {[%emt 0:00:31] BESTDEEP} Nd4 {[%emt 0:13:57] CPLX 3.7 48 (0-0) (=41)} (11... O-O $14 {is more appropriate.}) 12. Qe1 {[%emt 0:01:34][%cal Oc3b5] [#] MISS-Nf3xd4 25 (Nf3xd4) (=18)} Nxf3+ $146 {[%emt 0:11:28] CPLX 3.3. White is slightly better.} ({Predecessor:} 12... Qh5 13. Qg3 Nxf3+ 14. Rxf3 Qc5+ 15. Kh1 h5 16. h3 Bd4 17. Nd1 Bd7 18. c3 Bg7 {1-0 (42) Ghyselen,T (1695)-Cornil,E (1985) Niel 2017}) 13. gxf3 {[%emt 0:01:11] Nd5 is the strong threat. RECAPT 27 (Rf1xf3) (=20)} Nf6 {[%emt 0:14:53] Inhibits Nd5. BESTDEEP} 14. e5 {[%emt 0:00:58] And now Ne4 would win. CPLX 3.0 38 (Nc3-d5) (=24)} dxe5 {[%emt 0:03:16] CPLX 3.7 49 (Nf6-d5) (=26)} (14... Nd5 $11 {is superior.}) 15. fxe5 {[%emt 0:00:38] RECAPT 18 (Bd3-b5) (=23)} Nd7 {[%emt 0:10:01] CPLX 3.4 42 (Nf6-h5) (=29)} 16. Ne4 {[%emt 0:10:26] Active counter play! CPLX 3.2 79 (f3-f4) (=31)} (16. f4 $16) 16... Qc7 {[%emt 0:05:23] [#] CPLX 3.1 39 (Qa5-d8) (=30)} 17. Nd6+ $1 {[%emt 0:04:22] EASY} Kf8 {[%emt 0:00:10] [#] EASY} 18. Nxf7 {[%emt 0:04:12] MISS-Nd6xc8 45 (Nd6xc8) (=29)} Kxf7 {[%emt 0:00:38] RECAPT} 19. e6+ {[%emt 0:00:07] EASY} Kf8 {[%emt 0:00:04] Hoping for ...Nc5. CPLX 5.0} 20. exd7 {[%emt 0:00:06] EASY} Bxd7 {[%emt 0:00:07] RECAPT} 21. Qh4 {[%emt 0:00:14] RELBLUND 73 (c2-c3) (=28)} (21. c3 $11) 21... Bf5 {[%emt 0:11:01] MISSDEEP-Bg7xb2 99 (Bg7xb2) (=26)} ({Better is} 21... Bxb2 $15 22. Bh6+ Kf7 23. Bc4+ (23. Rae1 Bf6 $15) 23... e6) 22. Bxf5 $14 {[%emt 0:00:58] BESTDEEP} Qc5+ {[%emt 0:00:41] BESTDEEP} 23. Kh1 {[%emt 0:06:22] CPLX 3.0 28 (Rf1-f2) (=26)} Qxf5 {[%emt 0:00:06] BESTDEEP} 24. Rae1 {[%emt 0:00:05] CPLX 2.5 9 (Bd2-h6) (=25)} Re8 {[%emt 0:02:51] CPLX 3.9 20 (Bg7-f6) (=22)} (24... Bf6 $5 25. Qb4 b6 $14) 25. Re4 {[%emt 0:01:21] CPLX 2.7 30 (Qh4-a4) (=25)} Bf6 {[%emt 0:00:38] CPLX 2.8} 26. Qf2 {[%emt 0:00:25] CPLX 3.7} Rd8 {[%emt 0:01:27] CPLX 2.6 20 (b7-b6) (=21)} 27. Rfe1 {[%emt 0:02:27] CPLX 2.7 21 (Bd2-c3) (=23)} (27. Bc3 $5 ) 27... Kf7 {[%emt 0:07:20] DEEPSTRONG} 28. Rf4 {[%emt 0:07:19] CPLX 3.3 0 (Qf2-e3) (=22)} Qd5 {[%emt 0:00:45] BESTDEEP} (28... Qxc2 $2 29. Rxe7+ $3 Kg8 30. Qe1 $18) 29. Bc3 {[%emt 0:00:20][%cal Oe1e7] aiming for Rxe7+! CPLX 3.4 0 (Bd2-b4) (=21)} Rhe8 {[%emt 0:00:58] BESTDEEP} 30. Qxa7 {[%emt 0:03:13] CPLX 3.9} Rd6 {[%emt 0:02:38] RELBLUND 81 (Kf7-g8) (=21)} (30... Kg8 $11) 31. Qe3 $36 {[%emt 0:07:02][%mdl 2048] White is in control. CPLX 4.1} Qxa2 {[%emt 0:00:53] [#] BESTDEEP} 32. Re4 {[%emt 0:00:32] Against Re6. RELBLUND 86 (Rf4xf6) (=22)} (32. Rxf6+ $1 $16 Rxf6 33. Bxf6 Kxf6 34. Qb6+ e6 35. Qxb7) 32... e5 $2 {[%emt 0:00:38][%mdl 8192] Loses the game. RELBLUND 400 (Kf7-g8) (=36)} (32... Kg8 $11) 33. Bxe5 $18 {[%emt 0:03:41] EASY} Bxe5 {[%emt 0:00:28] BEVAL 400 (Qa2-d5) (=51)} 34. Rxe5 {[%emt 0:00:10] BEVAL} Rxe5 {[%emt 0:00:32] BEVAL} 35. Qxe5 {[%emt 0:00:08][%mdl 4096] Endgame Threatening mate with Qe8+. KQR-KQR. BEVAL} Qd5 {[%emt 0:00:30] MISS-Qa2-e6 400 (Qa2-e6) (=63)} 36. Qe7+ {[%emt 0:03:15] CPLX 3.6. White mates.} Kg8 {[%emt 0:00:02] LEGAL} 37. Qe8+ {[%emt 0:00:08] EASY} Kg7 {[%emt 0:00:05] LEGAL} 38. Re7+ {[%emt 0:00:06] EASY} Kh6 {[%emt 0:01:21] RELBLUND 0 (Kg7-f6) (=56)} 39. Qf8+ {[%emt 0:00:06] EASY} Kg5 {[%emt 0:00:29] EASY} 40. h4+ {[%emt 0:00:40] EASY} Kxh4 {[%emt 0:00:28] RELBLUND} 41. Qf4+ {[%emt 0:00:08] EASY} Kh5 {[%emt 0:00:35] RELBLUND} 42. Rxh7# {[%emt 0:00:37] Weighted Error Value: White=0.22 (precise) /Black=0.50} 1-0

[Event "Chhattisgarh Masters GM 2022"]
[Site "Chhattisgarh"]
[Date "2022.09.19"]
[Round "1.2"]
[White "Deshmukh, Anup"]
[Black "Paichadze, Luka"]
[Result "1/2-1/2"]
[ECO "A29"]
[WhiteElo "2176"]
[BlackElo "2560"]
[Annotator "TA"]
[PlyCount "61"]
[EventDate "2022.09.19"]
[EventCountry "IND"]
[SourceTitle "playchess.com"]
[Source "ChessBase"]
[SourceQuality "1"]
[TimeControl "5400+30"]

1. c4 Nf6 2. Nc3 e5 3. Nf3 Nc6 4. g3 Bb4 5. Bg2 O-O 6. O-O d6 7. d3 h6 {[%emt 0:01:37] A29: English Opening: Four Knights Variation with 4 g3.} 8. e4 Bc5 9. a3 {[%emt 0:01:41] [#]} Nd4 $146 {[%emt 0:05:41] The position is equal.} ({Predecessor:} 9... Bg4 10. b4 Bxf3 11. Bxf3 Bd4 12. Bd2 Qd7 13. Rc1 Nh7 14. Bg4 Qd8 15. Kg2 Ne7 {1-0 (43) Bukovsky,M (1984)-Lezovic,M (1658) Trnava 2011}) 10. h3 Nxf3+ 11. Qxf3 c6 12. Be3 Nh7 13. b4 Bb6 14. Rad1 Ng5 15. Qh5 Bxe3 16. fxe3 Qb6 17. Rde1 a5 18. b5 a4 19. h4 Ne6 20. Kh2 Qc5 21. Nd5 $2 cxd5 $19 22. exd5 Nc7 ({Weaker is} 22... Qxa3 23. dxe6 Bxe6 24. Qe2 $17) 23. g4 Qxa3 24. Be4 {[%emt 0:02:54] g5 is the strong threat.} f5 {[%emt 0:13:44] aiming for ...Qb2+.} ({Stronger than} 24... Qb2+ 25. Kh1 Ne8 26. g5 $19) 25. g5 Ne8 $2 (25... fxe4 26. Rxf8+ Kxf8 27. Rf1+ Ke7 28. Rf7+ Kd8 29. Rf8+) (25... hxg5 $19 26. hxg5 Ne8) 26. Re2 $2 {[%emt 0:05:00][%mdl 8192] Active counter play!} Bd7 $4 {[%emt 0:07:11][%mdl 8192] [#]} ({Not} 26... fxe4 27. gxh6 Rxf1 28. Qxe8+ Rf8 29. Qxf8+ $3 Kxf8 30. h7 $11) (26... hxg5 $1 $19 27. hxg5 Qc5) 27. Ref2 $4 {[%emt 0:09:52][%mdl 8192] [#]} (27. gxh6 $1 $18 Bc8 (27... Nf6 28. Qg6) 28. Rg2 $1) 27... hxg5 $4 (27... Qc5 $1 $19 {[%cal Rc5e3] and life is good for Black.} 28. Bxf5 Bxf5 29. Rxf5 Rxf5 30. Rxf5 Qc7 31. gxh6 gxh6 32. Qxh6 Ng7) 28. hxg5 $18 Nf6 $2 (28... b6 29. Kh1 Qc5) 29. gxf6 Rxf6 30. Rg2 {[%emt 0:00:46][%cal Of1g1] White wants to mate with Rfg1!} Rd8 31. Qg5 {[%emt 0:01:28][%mdl 32768] Weighted Error Value: White=0.96/Black=0.94. An unexpected result.} 1/2-1/2

[Event "Chhattisgarh Masters GM 2022"]
[Site "Chhattisgarh"]
[Date "2022.09.19"]
[Round "1.2"]
[White "Nayak Rajesh"]
[Black "Singh Ojasva"]
[Result "1-0"]
[ECO "A11"]
[WhiteElo "2142"]
[BlackElo "2456"]
[Annotator "TA"]
[PlyCount "47"]
[EventDate "2022.09.19"]
[EventCountry "IND"]
[SourceTitle "playchess.com"]
[Source "ChessBase"]
[SourceQuality "1"]
[TimeControl "5400+30"]

1. Nf3 Nf6 2. g3 d5 3. Bg2 Bf5 4. O-O e6 5. d3 c6 6. c4 dxc4 7. dxc4 {[%emt 0:02:33] RECAPT} Nbd7 {[%emt 0:01:04] CPLX 2.6. A11: English Opening: 1...c6.} 8. Nc3 {[%emt 0:02:27] CPLX 2.3 11 (Nf3-h4) (=6)} Qa5 {[%emt 0:02:45] [#] CPLX 2.3 48 (h7-h6) (=24)} (8... h6 $11) 9. Nd4 $146 {[%emt 0:24:10] RELBLUND 68 (Bc1-d2) (=26)} (9. Bd2 $14) ({Predecessor:} 9. Be3 O-O-O 10. Qa4 Bb4 11. Qxa5 Bxa5 12. Rac1 Bb6 13. Bxb6 Nxb6 14. b3 Nbd7 15. b4 {½-½ (50) Leupold,V (2326)-Hoebel,H (2456) ICCF email 2010}) 9... Bg6 $1 $11 {[%emt 0:04:56] CPLX 2.6. The position is equal.} 10. a3 {[%emt 0:06:19] CPLX 2.3} Qa6 {[%emt 0:09:53] BESTDEEP} 11. Qa4 {[%emt 0:05:17] BESTDEEP} Qxa4 {[%emt 0:04:34] EASY} 12. Nxa4 {[%emt 0:00:38] RECAPT} O-O-O {[%emt 0:08:26] CPLX 2.0 0 (h7-h5) (=8)} 13. Nf3 {[%emt 0:11:56] CPLX 2.0 0 (b2-b3) (=11)} Bc2 {[%emt 0:17:38] BESTDEEP} 14. Nc3 {[%emt 0:00:28] EASY} Bd6 {[%emt 0:11:46] CPLX 2.0 24 (Nf6-e4) (=9)} 15. b4 {[%emt 0:10:55] BESTDEEP} Ne5 {[%emt 0:05:48] CPLX 2.0} 16. Nd2 {[%emt 0:00:45] BESTDEEP} Bc7 {[%emt 0:09:48] CPLX 2.1 22 (g7-g5) (=9)} 17. Ra2 {[%emt 0:05:06] CPLX 2.1 13 (f2-f4) (=8)} Rxd2 {[%emt 0:07:08] RELBLUND 55 (Bc2-g6) (=14)} 18. Bxd2 $16 {[%emt 0:00:15][%cal Bc1d2,Bd2f4,Bf4g5][%mdl 32] RECAPT} Bb3 {[%emt 0:00:06] EASY} 19. Raa1 {[%emt 0:02:04] CPLX 2.8} Nxc4 {[%emt 0:01:23] CPLX 2.5} 20. Bf4 {[%emt 0:01:26] CPLX 2.8} e5 {[%emt 0:03:44] [#] CPLX 3.0 33 (Nf6-d5) (=13)} 21. Bg5 {[%emt 0:01:19] CPLX 2.9} a5 {[%emt 0:04:20] CPLX 2.7 119 (Nf6-e8) (=20)} (21... Ne8 $16) 22. b5 $18 {[%emt 0:01:34] BESTDEEP} cxb5 {[%emt 0:01:02] CPLX 3.0 46 (c6-c5) (=22)} 23. Nxb5 {[%emt 0:00:09] RECAPT} a4 {[%emt 0:00:57] CPLX 4.0 95 (Nc4-d6) (=26)} 24. Rfc1 {[%emt 0:00:22] Weighted Error Value: White=0.09 (flawless) /Black=0.32} 1-0